Sabres vs Red Wings
Created - March 3, 2019 at 22:31
Goals
|
| Sabres |
0 |
0 |
2 |
1 |
3 |
| Red Wings |
0 |
1 |
1 |
0 |
2 |
|
Shots
|
| Sabres |
5 |
11 |
13 |
1 |
30 |
| Red Wings |
11 |
6 |
10 |
0 |
27 |
|
1st period
No Goal
Penalties :
Philip Samuelsson (Det) for Boarding (Minor) at 0:37, Darren Reid (Buf) for Holding Stick (Minor) at 6:21, Sean Bergenheim (Det) for Roughing (Minor) at 15:56
2nd period
1. Red Wings , Tim Connolly 18 (Jiri Fischer 15, Adam Henrique 32) at 2:28
Penalties :
Zack Kassian (Buf) for Diving (Minor) at 2:31, Zack Kassian (Buf) for High sticking (Minor) at 12:13
3rd period
2. Sabres , Michael Frolik 18 (Michael Kostka 23, Zack Kassian 30) at 4:08
3. Red Wings , Ryan O'Byrne 7 (Oleg Saprykin 4, Jiri Fischer 16) at 6:18
4. Sabres , Zach Bogosian 14 (Zack Kassian 31, Evander Kane 39) at 19:36
Penalties :
Sean Bergenheim (Det) for Hooking (Minor) at 11:17
Overtime #1
5. Sabres , Darren Reid 10 (Vincent Lecavalier 30, Michael Kostka 24) at 0:12
Penalties :
No Penalty
Goalie Stats
Robin Lehner (Buf), 25 saves from 27 shots - (0.926), W, 27-14-3, 59:27 minutes
James Reimer (Det), 27 saves from 30 shots - (0.900), OTL, 12-9-6, 60:12 minutes
Players Stats for Sabres
Player Name G A P +/- PIM S H SB GA TA FO MP PP MP PK MP
------------------------------------------------------------------------------------
Andrei Loktionov 0 0 0 0 0 0 2 0 0 0 12/24 19:12 2:40 0:27
Brad Richardson 0 0 0 0 0 0 3 0 1 0 0/0 8:51 0:17 0:00
Brandon Sutter 0 0 0 0 0 0 0 0 0 0 9/10 12:12 0:22 3:24
Darcy Hordichuk 0 0 0 0 0 0 0 0 0 0 0/0 9:28 0:32 0:18
Darren Reid 1 0 1 0 2 2 1 0 0 0 2/2 16:45 0:00 2:07
Evander Kane 0 1 1 0 0 5 2 1 0 0 0/0 18:50 2:52 1:26
Ilya Kovalchuk 0 0 0 -1 0 2 1 0 0 0 0/0 19:29 2:33 2:06
Jakub Kindl 0 0 0 -2 0 1 1 0 0 0 0/0 16:50 0:00 0:00
Jared Cowen 0 0 0 0 0 1 0 2 1 0 0/0 25:11 3:18 3:59
Mathew Dumba 0 0 0 1 0 1 1 1 0 0 0/0 18:00 2:39 1:58
Matt Martin 0 0 0 1 0 2 1 0 0 0 0/1 9:49 0:00 0:00
Michael Frolik 1 0 1 1 0 5 1 0 0 0 0/0 12:39 3:08 0:00
Michael Kostka 0 2 2 2 0 1 0 0 1 0 0/0 15:41 2:39 1:58
Rob Scuderi 0 0 0 0 0 0 2 0 0 0 0/0 18:44 0:00 0:00
Sean Monahan 0 0 0 1 0 0 0 0 0 1 3/6 12:44 2:55 0:00
Vincent Lecavalier 0 1 1 0 0 5 1 0 1 0 6/11 16:20 0:00 2:06
Zach Bogosian 1 0 1 1 0 2 1 1 0 0 0/0 25:58 3:18 3:59
Zack Kassian 0 2 2 0 4 3 1 0 2 0 1/3 18:05 2:32 0:00
Players Stats for Red Wings
Player Name G A P +/- PIM S H SB GA TA FO MP PP MP PK MP
------------------------------------------------------------------------------------
Adam Henrique 0 1 1 0 0 3 0 0 0 0 0/1 18:15 3:08 0:09
Ales Hemsky 0 0 0 -1 0 0 1 0 0 0 0/0 11:33 0:00 0:00
Alex Picard 0 0 0 -1 0 0 2 1 0 1 0/0 13:30 0:00 1:38
Brent Seabrook 0 0 0 0 0 0 0 1 0 0 0/0 0:34 0:00 0:00
Carson Mcmillan 0 0 0 0 0 1 4 1 0 0 0/1 11:06 0:00 2:32
Chris Kelly 0 0 0 -2 0 3 3 1 0 0 2/5 15:08 0:00 2:46
Jiri Fischer 0 2 2 0 0 0 0 0 0 2 0/0 25:06 3:10 2:37
Lubomir Visnovsky 0 0 0 0 0 0 0 3 0 1 0/0 20:42 0:48 3:11
Michael Haley 0 0 0 1 0 0 1 0 0 0 0/0 7:45 0:00 0:00
Oleg Saprykin 0 1 1 1 0 2 2 0 0 0 4/5 11:40 0:00 3:04
Ole-Kristian Tollefsen 0 0 0 -1 0 1 3 1 0 1 0/0 22:12 1:52 1:22
Phil Kessel 0 0 0 0 0 2 1 1 0 1 0/0 16:37 3:08 0:00
Philip Samuelsson 0 0 0 -2 2 1 2 1 0 0 0/0 27:37 2:59 1:58
Ryan O'Byrne 1 0 1 1 0 4 2 0 1 0 0/0 21:39 3:05 2:46
Sean Bergenheim 0 0 0 -1 4 3 1 1 0 0 1/1 18:12 2:49 0:58
Tim Connolly 1 0 1 0 0 3 2 0 0 0 6/21 17:26 2:49 0:00
Tyler Seguin 0 0 0 0 0 2 2 1 0 0 9/21 17:59 3:08 0:47
Tyler Toffoli 0 0 0 1 0 2 0 0 0 0 2/2 17:47 2:49 0:00
3 Stars
1 - Michael Kostka (Buf)
2 - Zach Bogosian (Buf)
3 - Michael Frolik (Buf)
Power Play
Sabres - 0 on 3 Attempt(s) - 0.00%
Red Wings - 0 on 3 Attempt(s) - 0.00%
Penalty Kill
Sabres - 3 on 3 Attempt(s) - 100.00%
- Score 0 goal in Penalty Kill
Red Wings - 3 on 3 Attempt(s) - 100.00%
- Score 0 goal in Penalty Kill
Team Stat
Sabres - Hits : 18 - Faceoff Wins : 33 - Blocked Shots : 5 - Penalty Minutes : 6
Red Wings - Hits : 26 - Faceoff Wins : 24 - Blocked Shots : 12 - Penalty Minutes : 6
Official
Referees : Unknown
Linesman : Unknown
Game Notes
Brent Seabrook is injured at 0:33 of 1st period (Fractured Bone in Right Hand)
Finance
Level 1 -- Attendance: 6000 (100.00%) -- Ticket Income $522,000
Level 2 -- Attendance: 4393 (87.86%) -- Ticket Income $246,008
Level 3 -- Attendance: 1709 (85.45%) -- Ticket Income $64,942
Level 4 -- Attendance: 3425 (85.63%) -- Ticket Income $95,900
Luxury Box -- Attendance: 1000 (100.00%) -- Ticket Income $165,000
Game was played at the Joe Louis Arena.
Total Attendance: 16527 (91.82%)
Total Ticket Income: $1,093,850
Other Income: $164,078
Total Income: $1,257,928
Sabres
5 vs 5 Forward
Center Left Wing Right Wing Time % Phy DF OF
1 Andrei Loktionov Ilya Kovalchuk Zack Kassian 34 0 1 4
2 Vincent Lecavalier Evander Kane Darren Reid 32 0 1 4
3 Sean Monahan Matt Martin Michael Frolik 19 1 2 2
4 Brandon Sutter Darcy Hordichuk Brad Richardson 15 1 2 2
5 vs 5 Defense
Defense Defense Time % Phy DF OF
1 Rob Scuderi Zach Bogosian 41 2 2 1
2 Jakub Kindl Jared Cowen 35 1 3 1
3 Michael Kostka Mathew Dumba 24 1 4 0
4 Michael Kostka Mathew Dumba 0 1 4 0
PowerPlay Forward
Center Left Wing Right Wing Time % Phy DF OF
1 Sean Monahan Ilya Kovalchuk Zack Kassian 53 0 0 5
2 Andrei Loktionov Evander Kane Michael Frolik 47 1 0 4
PowerPlay Defense
Defense Defense Time % Phy DF OF
1 Zach Bogosian Jared Cowen 53 0 1 4
2 Michael Kostka Mathew Dumba 47 1 1 3
Penalty Kill 4 Players Forward
Center Wing Time % Phy DF OF
1 Brandon Sutter Darren Reid 55 1 4 0
2 Vincent Lecavalier Ilya Kovalchuk 45 1 4 0
Penalty Kill 4 Players Defense
Defense Defense Time % Phy DF OF
1 Jared Cowen Zach Bogosian 55 1 4 0
2 Mathew Dumba Michael Kostka 45 1 4 0
Penalty Kill - 3 Players Forward
Forward Time % Phy DF OF
1 Brandon Sutter 60 0 5 0
2 Brad Richardson 40 0 5 0
Penalty Kill - 3 Players Defense
Defense Defense Time % Phy DF OF
1 Rob Scuderi Jared Cowen 60 1 4 0
2 Mathew Dumba Zach Bogosian 40 1 4 0
4 vs 4 Forward
Center Wing Time % Phy DF OF
1 Vincent Lecavalier Darren Reid 50 0 2 3
2 Andrei Loktionov Brad Richardson 50 0 1 4
4 vs 4 Defense
Defense Defense Time % Phy DF OF
1 Michael Kostka Jared Cowen 50 0 4 1
2 Mathew Dumba Rob Scuderi 50 0 4 1
Last Minutes Offensive
Center Left Wing Right Wing Defense Defense
Andrei Loktionov Evander Kane Zack Kassian Zach Bogosian Jared Cowen
Last Minutes Defensive
Center Left Wing Right Wing Defense Defense
Brandon Sutter Evander Kane Zack Kassian Zach Bogosian Jared Cowen
Goaltenders
Starting : Robin Lehner
Backup : Jonas Hiller
Extra Forwards
Normal : Brandon Sutter, Andrei Loktionov, Sean Monahan - PP : Ilya Kovalchuk, Sean Monahan - PK : Brandon Sutter
Extra Defensemen
Normal : Zach Bogosian, Jared Cowen, Mathew Dumba - PP : Zach Bogosian - PK : Rob Scuderi, Jared Cowen
Penalty Shots
Evander Kane, Michael Frolik, Vincent Lecavalier, Sean Monahan, Zack Kassian
Scratches
Scottie Upshall (Healthy)
Red Wings
5 vs 5 Forward
Center Left Wing Right Wing Time % Phy DF OF
1 Tim Connolly Adam Henrique Tyler Toffoli 40 0 2 3
2 Tyler Seguin Sean Bergenheim Phil Kessel 35 0 2 3
3 Chris Kelly Alex Picard Ales Hemsky 17 0 3 2
4 Oleg Saprykin Michael Haley Carson Mcmillan 8 1 2 2
5 vs 5 Defense
Defense Defense Time % Phy DF OF
1 Brent Seabrook Ryan O'Byrne 35 0 3 2
2 Ole-Kristian Tollefsen Philip Samuelsson 35 0 3 2
3 Lubomir Visnovsky Jiri Fischer 20 0 3 2
4 Lubomir Visnovsky Jiri Fischer 10 0 3 2
PowerPlay Forward
Center Left Wing Right Wing Time % Phy DF OF
1 Tyler Seguin Adam Henrique Phil Kessel 55 0 1 4
2 Tim Connolly Sean Bergenheim Tyler Toffoli 45 0 1 4
PowerPlay Defense
Defense Defense Time % Phy DF OF
1 Philip Samuelsson Brent Seabrook 60 0 2 3
2 Ole-Kristian Tollefsen Jiri Fischer 40 0 2 3
Penalty Kill 4 Players Forward
Center Wing Time % Phy DF OF
1 Oleg Saprykin Sean Bergenheim 50 1 2 2
2 Chris Kelly Carson Mcmillan 50 1 2 2
Penalty Kill 4 Players Defense
Defense Defense Time % Phy DF OF
1 Lubomir Visnovsky Philip Samuelsson 50 1 2 2
2 Jiri Fischer Ryan O'Byrne 50 1 2 2
Penalty Kill - 3 Players Forward
Forward Time % Phy DF OF
1 Carson Mcmillan 60 1 2 2
2 Oleg Saprykin 40 1 2 2
Penalty Kill - 3 Players Defense
Defense Defense Time % Phy DF OF
1 Lubomir Visnovsky Ryan O'Byrne 50 1 2 2
2 Brent Seabrook Ole-Kristian Tollefsen 50 1 2 2
4 vs 4 Forward
Center Wing Time % Phy DF OF
1 Tim Connolly Adam Henrique 60 1 2 2
2 Tyler Seguin Phil Kessel 40 1 2 2
4 vs 4 Defense
Defense Defense Time % Phy DF OF
1 Brent Seabrook Jiri Fischer 60 1 2 2
2 Ole-Kristian Tollefsen Philip Samuelsson 40 1 2 2
Last Minutes Offensive
Center Left Wing Right Wing Defense Defense
Tyler Seguin Adam Henrique Phil Kessel Brent Seabrook Philip Samuelsson
Last Minutes Defensive
Center Left Wing Right Wing Defense Defense
Chris Kelly Sean Bergenheim Carson Mcmillan Ryan O'Byrne Lubomir Visnovsky
Goaltenders
Starting : James Reimer
Backup : John Gibson
Extra Forwards
Normal : Adam Henrique, Tyler Seguin, Chris Kelly - PP : Chris Kelly, Ales Hemsky - PK : Chris Kelly
Extra Defensemen
Normal : Brent Seabrook, Philip Samuelsson, Ryan O'Byrne - PP : Ryan O'Byrne - PK : Brent Seabrook, Ole-Kristian Tollefsen
Penalty Shots
Phil Kessel, Chris Kelly, Tyler Seguin, Carson Mcmillan, Tim Connolly
Scratches
Ryan Whitney (Healthy)
% Time on Ice - Sabres
Lines # - Real PCT - Wanted PCT - Time Play
Normal Forward
1 - 32% - 34% - 15:09
2 - 30% - 32% - 14:09
3 - 21% - 19% - 9:49
4 - 17% - 15% - 8:09
Normal Defense
1 - 43% - 41% - 20:13
2 - 34% - 35% - 16:16
3 - 23% - 24% - 10:47
4 - 0% - 0% - 0:00
PP Forward
1 - 46% - 53% - 2:46
2 - 54% - 47% - 3:11
PP Defense
1 - 55% - 53% - 3:18
2 - 45% - 47% - 2:39
PK Forward
1 - 65% - 55% - 3:51
2 - 35% - 45% - 2:06
PK Defense
1 - 67% - 55% - 3:59
2 - 33% - 45% - 1:58
PK3 Forward
1 - 0% - 60%
2 - 0% - 40%
PK3 Defense
1 - 0% - 60%
2 - 0% - 40%
44 Forward
1 - 100% - 50% - 0:12
2 - 0% - 50% - 0:00
44 Defense
1 - 100% - 50% - 0:12
2 - 0% - 50% - 0:00
Last Minute Offensive - 0:50
Last Minute Defensive - 0:00
Total
Forward - 60:12
Defense - 60:12
|
% Time on Ice - Red Wings
Lines # - Real PCT - Wanted PCT - Time Play
Normal Forward
1 - 32% - 40% - 15:13
2 - 30% - 35% - 14:15
3 - 21% - 17% - 10:04
4 - 16% - 8% - 7:45
Normal Defense
1 - 43% - 35% - 20:31
2 - 35% - 35% - 16:43
3 - 17% - 20% - 7:54
4 - 5% - 10% - 2:09
PP Forward
1 - 53% - 55% - 3:08
2 - 47% - 45% - 2:49
PP Defense
1 - 69% - 60% - 4:05
2 - 31% - 40% - 1:52
PK Forward
1 - 57% - 50% - 3:25
2 - 43% - 50% - 2:32
PK Defense
1 - 54% - 50% - 3:11
2 - 46% - 50% - 2:46
PK3 Forward
1 - 0% - 60%
2 - 0% - 40%
PK3 Defense
1 - 0% - 50%
2 - 0% - 50%
44 Forward
1 - 100% - 60% - 0:12
2 - 0% - 40% - 0:00
44 Defense
1 - 100% - 60% - 0:12
2 - 0% - 40% - 0:00
Last Minute Offensive - 0:00
Last Minute Defensive - 0:49
Total
Forward - 60:12
Defense - 60:12
|
Play-by-Play
1st period
0:01 of 1st period - Tim Connolly wins face-off versus Andrei Loktionov in neutral zone.
0:07 of 1st period - Off-side.
0:08 of 1st period - Andrei Loktionov wins face-off versus Tim Connolly in neutral zone.
0:33 of 1st period - Wrist shot by Ilya Kovalchuk.
0:33 of 1st period - Shot Blocked by Brent Seabrook.
0:33 of 1st period - Brent Seabrook from Red Wings is injured at 0:33 of 1st period (Fractured Bone in Right Hand).
0:34 of 1st period - Tyler Seguin wins face-off versus Vincent Lecavalier in Red Wings zone.
0:34 of 1st period - Tyler Seguin is hit by Evander Kane.
0:37 of 1st period - Minor Penalty to Philip Samuelsson for Boarding.
0:38 of 1st period - Sean Monahan wins face-off versus Oleg Saprykin in Red Wings zone.
1:08 of 1st period - Wrist shot by Sean Bergenheim.
1:08 of 1st period - Shot Misses the Net.
2:37 of 1st period - Penalty to Philip Samuelsson is over, Philip Samuelsson is back on ice.
4:11 of 1st period - Wrist shot by Brad Richardson.
4:11 of 1st period - Shot Blocked by Chris Kelly.
4:48 of 1st period - Mathew Dumba is hit by Philip Samuelsson and loses puck.
5:14 of 1st period - Jared Cowen is hit by Oleg Saprykin and loses puck.
5:33 of 1st period - Wrist shot by Michael Frolik.
5:33 of 1st period - Stopped by James Reimer without a rebound.
5:34 of 1st period - Tyler Seguin wins face-off versus Matt Martin in Red Wings zone.
5:57 of 1st period - Ilya Kovalchuk is hit by Alex Picard and loses puck.
6:21 of 1st period - Minor Penalty to Darren Reid for Holding Stick.
6:22 of 1st period - Brandon Sutter wins face-off versus Tyler Seguin in Sabres zone.
6:31 of 1st period - Jared Cowen is hit by Ryan O'Byrne and loses puck.
6:58 of 1st period - Slapshot by Tyler Toffoli.
6:58 of 1st period - Shot Misses the Net.
7:14 of 1st period - Snap shot by Vincent Lecavalier.
7:14 of 1st period - Stopped by James Reimer with a rebound.
7:30 of 1st period - Andrei Loktionov is hit by Phil Kessel and loses puck.
7:45 of 1st period - Vincent Lecavalier is hit by Tim Connolly and loses puck.
8:21 of 1st period - Penalty to Darren Reid is over, Darren Reid is back on ice.
8:23 of 1st period - Icing by Andrei Loktionov.
8:24 of 1st period - Tyler Seguin wins face-off versus Andrei Loktionov in Sabres zone.
8:31 of 1st period - Wrist shot by Chris Kelly.
8:31 of 1st period - Stopped by Robin Lehner with a rebound.
8:33 of 1st period - Slapshot by Ryan O'Byrne.
8:33 of 1st period - Stopped by Robin Lehner with a rebound.
8:35 of 1st period - Slapshot by Ryan O'Byrne.
8:35 of 1st period - Stopped by Robin Lehner with a rebound.
8:49 of 1st period - Slapshot by Zach Bogosian.
8:49 of 1st period - Stopped by James Reimer without a rebound.
8:50 of 1st period - Oleg Saprykin wins face-off versus Sean Monahan in Red Wings zone.
9:05 of 1st period - Michael Kostka is hit by Philip Samuelsson and loses puck.
9:12 of 1st period - Michael Kostka is hit by Oleg Saprykin and loses puck.
9:33 of 1st period - Wrist shot by Michael Frolik.
9:33 of 1st period - Shot Blocked by Carson Mcmillan.
9:43 of 1st period - Mathew Dumba is hit by Michael Haley and loses puck.
9:54 of 1st period - Wrist shot by Carson Mcmillan.
9:54 of 1st period - Deflect By Oleg Saprykin.
9:54 of 1st period - Stopped by Robin Lehner with a rebound.
9:56 of 1st period - Slapshot by Oleg Saprykin.
9:56 of 1st period - Stopped by Robin Lehner with a rebound.
10:00 of 1st period - Slapshot by Carson Mcmillan.
10:00 of 1st period - Shot Misses the Net.
10:02 of 1st period - Snap shot by Carson Mcmillan.
10:02 of 1st period - Stopped by Robin Lehner with a rebound.
10:04 of 1st period - Wrist shot by Carson Mcmillan.
10:04 of 1st period - Shot Misses the Net.
10:28 of 1st period - Wrist shot by Matt Martin.
10:28 of 1st period - Stopped by James Reimer without a rebound.
10:29 of 1st period - Tyler Seguin wins face-off versus Vincent Lecavalier in Red Wings zone.
10:36 of 1st period - Snap shot by Sean Bergenheim.
10:36 of 1st period - Shot Misses the Net.
10:38 of 1st period - Wrist shot by Tyler Seguin.
10:38 of 1st period - Stopped by Robin Lehner without a rebound.
10:39 of 1st period - Vincent Lecavalier wins face-off versus Tyler Seguin in Sabres zone.
11:08 of 1st period - Snap shot by Phil Kessel.
11:08 of 1st period - Stopped by Robin Lehner with a rebound.
11:22 of 1st period - Phil Kessel is hit by Darren Reid and loses puck.
11:55 of 1st period - Snap shot by Phil Kessel.
11:55 of 1st period - Shot Misses the Net.
11:57 of 1st period - Backhand shot by Phil Kessel.
11:57 of 1st period - Shot Blocked by Jared Cowen.
12:11 of 1st period - Snap shot by Sean Bergenheim.
12:11 of 1st period - Stopped by Robin Lehner with a rebound.
12:13 of 1st period - Slapshot by Jiri Fischer.
12:13 of 1st period - Shot Misses the Net.
12:15 of 1st period - Slapshot by Sean Bergenheim.
12:15 of 1st period - Deflect By Tyler Seguin.
12:15 of 1st period - Shot Blocked by Evander Kane.
12:15 of 1st period - Puck is out of play.
12:16 of 1st period - Andrei Loktionov wins face-off versus Tim Connolly in Sabres zone.
12:16 of 1st period - Andrei Loktionov is hit by Tim Connolly.
12:44 of 1st period - Icing by Brandon Sutter.
12:45 of 1st period - Brandon Sutter wins face-off versus Chris Kelly in Sabres zone.
12:54 of 1st period - Slapshot by Ales Hemsky.
12:54 of 1st period - Shot Blocked by Mathew Dumba.
12:56 of 1st period - Slapshot by Ryan O'Byrne.
12:56 of 1st period - Stopped by Robin Lehner without a rebound.
12:57 of 1st period - Andrei Loktionov wins face-off versus Tim Connolly in Sabres zone.
15:20 of 1st period - Backhand shot by Brandon Sutter.
15:20 of 1st period - Deflect By Adam Henrique.
15:20 of 1st period - Shot Misses the Net.
15:20 of 1st period - Puck is out of play.
15:21 of 1st period - Tim Connolly wins face-off versus Andrei Loktionov in Red Wings zone.
15:32 of 1st period - Zack Kassian is hit by Ole-Kristian Tollefsen and loses puck.
15:56 of 1st period - Minor Penalty to Sean Bergenheim for Roughing.
15:57 of 1st period - Oleg Saprykin wins face-off versus Zack Kassian in Red Wings zone.
15:57 of 1st period - Oleg Saprykin is hit by Ilya Kovalchuk.
16:03 of 1st period - Icing by Zach Bogosian.
16:04 of 1st period - Oleg Saprykin wins face-off versus Sean Monahan in Sabres zone.
16:11 of 1st period - Snap shot by Oleg Saprykin.
16:11 of 1st period - Shot Misses the Net.
17:53 of 1st period - Evander Kane is hit by Tyler Seguin and loses puck.
17:56 of 1st period - Penalty to Sean Bergenheim is over, Sean Bergenheim is back on ice.
18:06 of 1st period - Slapshot by Sean Bergenheim.
18:06 of 1st period - Shot Misses the Net.
18:08 of 1st period - Snap shot by Adam Henrique.
18:08 of 1st period - Stopped by Robin Lehner without a rebound.
18:09 of 1st period - Brandon Sutter wins face-off versus Tim Connolly in Sabres zone.
18:20 of 1st period - Ryan O'Byrne is hit by Brad Richardson and loses puck.
18:51 of 1st period - Snap shot by Tim Connolly.
18:51 of 1st period - Deflect By Brandon Sutter.
18:51 of 1st period - Shot Misses the Net.
18:51 of 1st period - Puck is out of play.
18:52 of 1st period - Tyler Seguin wins face-off versus Andrei Loktionov in Sabres zone.
19:26 of 1st period - Slapshot by Evander Kane.
19:26 of 1st period - Deflect By Vincent Lecavalier.
19:26 of 1st period - Shot Blocked by Alex Picard.
19:26 of 1st period - Puck is out of play.
19:27 of 1st period - Zack Kassian wins face-off versus Tyler Seguin in Red Wings zone.
19:30 of 1st period - Snap shot by Ilya Kovalchuk.
19:30 of 1st period - Stopped by James Reimer without a rebound.
19:31 of 1st period - Sean Bergenheim wins face-off versus Andrei Loktionov in Red Wings zone.
19:42 of 1st period - Snap shot by Sean Bergenheim.
19:42 of 1st period - Deflect By Phil Kessel.
19:42 of 1st period - Shot Blocked by Jared Cowen.
19:42 of 1st period - Puck is out of play.
19:43 of 1st period - Andrei Loktionov wins face-off versus Adam Henrique in Sabres zone.
Goals for this period are 0 for Sabres vs 0 for Red Wings.
Shots for this period are 5 for Sabres vs 11 for Red Wings.
2nd period
0:01 of 2nd period - Andrei Loktionov wins face-off versus Tim Connolly in neutral zone.
0:16 of 2nd period - Wrist shot by Tim Connolly.
0:16 of 2nd period - Stopped by Robin Lehner without a rebound.
0:17 of 2nd period - Tyler Seguin wins face-off versus Vincent Lecavalier in Sabres zone.
1:44 of 2nd period - Darren Reid is hit by Ales Hemsky and loses puck.
2:05 of 2nd period - Wrist shot by Evander Kane.
2:05 of 2nd period - Stopped by James Reimer without a rebound.
2:06 of 2nd period - Tim Connolly wins face-off versus Andrei Loktionov in Red Wings zone.
2:12 of 2nd period - Off-side.
2:13 of 2nd period - Tim Connolly wins face-off versus Zack Kassian in neutral zone.
2:24 of 2nd period - Wrist shot by Tim Connolly.
2:24 of 2nd period - Deflect By Adam Henrique.
2:24 of 2nd period - Stopped by Robin Lehner with a rebound.
2:26 of 2nd period - Slapshot by Jiri Fischer.
2:26 of 2nd period - Shot Misses the Net.
2:28 of 2nd period - Slapshot by Tim Connolly.
2:28 of 2nd period - Goal by Tim Connolly - Sabres : 0 - Red Wings : 1.
2:29 of 2nd period - Andrei Loktionov wins face-off versus Tim Connolly in neutral zone.
2:31 of 2nd period - Minor Penalty to Zack Kassian for Diving.
2:32 of 2nd period - Brandon Sutter wins face-off versus Tyler Seguin in Sabres zone.
4:31 of 2nd period - Penalty to Zack Kassian is over, Zack Kassian is back on ice.
4:39 of 2nd period - Michael Frolik is hit by Chris Kelly and loses puck.
6:16 of 2nd period - Slapshot by Michael Kostka.
6:16 of 2nd period - Deflect By Ole-Kristian Tollefsen.
6:16 of 2nd period - Stopped by James Reimer without a rebound.
6:17 of 2nd period - Brandon Sutter wins face-off versus Tyler Seguin in Red Wings zone.
6:18 of 2nd period - Wrist shot by Darcy Hordichuk.
6:18 of 2nd period - Shot Misses the Net.
6:28 of 2nd period - Snap shot by Darcy Hordichuk.
6:28 of 2nd period - Shot Blocked by Phil Kessel.
6:30 of 2nd period - Slapshot by Mathew Dumba.
6:30 of 2nd period - Stopped by James Reimer without a rebound.
6:31 of 2nd period - Andrei Loktionov wins face-off versus Tim Connolly in Red Wings zone.
7:02 of 2nd period - Tyler Seguin is hit by Rob Scuderi and loses puck.
7:09 of 2nd period - Wrist shot by Vincent Lecavalier.
7:09 of 2nd period - Shot Blocked by Ole-Kristian Tollefsen.
7:11 of 2nd period - Slapshot by Zach Bogosian.
7:11 of 2nd period - Shot Blocked by Philip Samuelsson.
7:21 of 2nd period - Sean Bergenheim is hit by Brad Richardson and loses puck.
7:52 of 2nd period - Snap shot by Adam Henrique.
7:52 of 2nd period - Shot Misses the Net.
8:05 of 2nd period - Jared Cowen is hit by Chris Kelly and loses puck.
8:14 of 2nd period - Snap shot by Zack Kassian.
8:14 of 2nd period - Stopped by James Reimer with a rebound.
9:09 of 2nd period - Wrist shot by Chris Kelly.
9:09 of 2nd period - Stopped by Robin Lehner with a rebound.
9:11 of 2nd period - Slapshot by Tyler Seguin.
9:11 of 2nd period - Stopped by Robin Lehner with a rebound.
10:32 of 2nd period - Backhand shot by Michael Frolik.
10:32 of 2nd period - Deflect By Alex Picard.
10:32 of 2nd period - Stopped by James Reimer without a rebound.
10:33 of 2nd period - Oleg Saprykin wins face-off versus Andrei Loktionov in Red Wings zone.
11:01 of 2nd period - Icing by Jakub Kindl.
11:02 of 2nd period - Tim Connolly wins face-off versus Andrei Loktionov in Sabres zone.
11:03 of 2nd period - Wrist shot by Adam Henrique.
11:03 of 2nd period - Shot Misses the Net.
11:19 of 2nd period - Snap shot by Andrei Loktionov.
11:19 of 2nd period - Shot Blocked by Lubomir Visnovsky.
11:21 of 2nd period - Slapshot by Jakub Kindl.
11:21 of 2nd period - Stopped by James Reimer with a rebound.
11:23 of 2nd period - Slapshot by Jakub Kindl.
11:23 of 2nd period - Shot Misses the Net.
11:25 of 2nd period - Snap shot by Zack Kassian.
11:25 of 2nd period - Shot Blocked by Lubomir Visnovsky.
11:27 of 2nd period - Backhand shot by Jared Cowen.
11:27 of 2nd period - Stopped by James Reimer without a rebound.
11:28 of 2nd period - Vincent Lecavalier wins face-off versus Tyler Seguin in Red Wings zone.
11:33 of 2nd period - Wrist shot by Evander Kane.
11:33 of 2nd period - Shot Misses the Net.
11:35 of 2nd period - Slapshot by Evander Kane.
11:35 of 2nd period - Stopped by James Reimer with a rebound.
11:37 of 2nd period - Snap shot by Rob Scuderi.
11:37 of 2nd period - Shot Misses the Net.
11:39 of 2nd period - Slapshot by Darren Reid.
11:39 of 2nd period - Deflect By Evander Kane.
11:39 of 2nd period - Shot Blocked by Sean Bergenheim.
11:39 of 2nd period - Puck is out of play.
11:40 of 2nd period - Vincent Lecavalier wins face-off versus Tyler Seguin in Red Wings zone.
11:45 of 2nd period - Snap shot by Vincent Lecavalier.
11:45 of 2nd period - Stopped by James Reimer with a rebound.
11:51 of 2nd period - Wrist shot by Vincent Lecavalier.
11:51 of 2nd period - Stopped by James Reimer without a rebound.
11:52 of 2nd period - Tyler Toffoli wins face-off versus Andrei Loktionov in Red Wings zone.
11:52 of 2nd period - Tyler Toffoli is hit by Andrei Loktionov.
12:13 of 2nd period - Minor Penalty to Zack Kassian for High sticking.
12:14 of 2nd period - Darren Reid wins face-off versus Tyler Seguin in Sabres zone.
12:20 of 2nd period - Off-side.
12:21 of 2nd period - Brandon Sutter wins face-off versus Tyler Seguin in neutral zone.
12:56 of 2nd period - Snap shot by Adam Henrique.
12:56 of 2nd period - Stopped by Robin Lehner with a rebound.
12:58 of 2nd period - Slapshot by Adam Henrique.
12:58 of 2nd period - Deflect By Phil Kessel.
12:58 of 2nd period - Deflect By Zach Bogosian.
12:58 of 2nd period - Shot Blocked by Zach Bogosian.
12:58 of 2nd period - Puck is out of play.
12:59 of 2nd period - Brandon Sutter wins face-off versus Tim Connolly in Sabres zone.
13:07 of 2nd period - Off-side.
13:08 of 2nd period - Brandon Sutter wins face-off versus Tim Connolly in neutral zone.
13:48 of 2nd period - Off-side.
13:49 of 2nd period - Brandon Sutter wins face-off versus Tyler Seguin in neutral zone.
13:51 of 2nd period - Off-side.
13:52 of 2nd period - Tyler Seguin wins face-off versus Brandon Sutter in neutral zone.
14:13 of 2nd period - Penalty to Zack Kassian is over, Zack Kassian is back on ice.
14:19 of 2nd period - Jared Cowen is hit by Chris Kelly and loses puck.
15:21 of 2nd period - Tyler Seguin is hit by Mathew Dumba.
16:03 of 2nd period - Ole-Kristian Tollefsen is hit by Michael Frolik and loses puck.
16:28 of 2nd period - Ole-Kristian Tollefsen is hit by Vincent Lecavalier and loses puck.
16:55 of 2nd period - Rob Scuderi is hit by Carson Mcmillan and loses puck.
17:16 of 2nd period - Wrist shot by Zack Kassian.
17:16 of 2nd period - Stopped by James Reimer with a rebound.
18:57 of 2nd period - Brandon Sutter is hit by Ryan O'Byrne and loses puck.
19:39 of 2nd period - Zach Bogosian is hit by Ole-Kristian Tollefsen and loses puck.
Goals for this period are 0 for Sabres vs 1 for Red Wings.
Shots for this period are 11 for Sabres vs 6 for Red Wings.
3rd period
0:01 of 3rd period - Andrei Loktionov wins face-off versus Tim Connolly in neutral zone.
0:25 of 3rd period - Phil Kessel is hit by Jakub Kindl and loses puck.
1:32 of 3rd period - Ilya Kovalchuk is hit by Carson Mcmillan and loses puck.
1:38 of 3rd period - Icing by Ilya Kovalchuk.
1:39 of 3rd period - Andrei Loktionov wins face-off versus Tyler Seguin in Sabres zone.
1:46 of 3rd period - Wrist shot by Andrei Loktionov.
1:46 of 3rd period - Shot Blocked by Tyler Seguin.
1:56 of 3rd period - Snap shot by Phil Kessel.
1:56 of 3rd period - Stopped by Robin Lehner with a rebound.
2:06 of 3rd period - Wrist shot by Zack Kassian.
2:06 of 3rd period - Shot Misses the Net.
2:32 of 3rd period - Snap shot by Evander Kane.
2:32 of 3rd period - Shot Misses the Net.
2:34 of 3rd period - Slapshot by Evander Kane.
2:34 of 3rd period - Stopped by James Reimer with a rebound.
2:36 of 3rd period - Snap shot by Darren Reid.
2:36 of 3rd period - Stopped by James Reimer without a rebound.
2:37 of 3rd period - Tyler Toffoli wins face-off versus Sean Monahan in Red Wings zone.
3:13 of 3rd period - Tyler Seguin is hit by Evander Kane and loses puck.
3:52 of 3rd period - Snap shot by Tim Connolly.
3:52 of 3rd period - Shot Misses the Net.
3:54 of 3rd period - Slapshot by Tyler Toffoli.
3:54 of 3rd period - Stopped by Robin Lehner with a rebound.
4:08 of 3rd period - Snap shot by Michael Frolik.
4:08 of 3rd period - Goal by Michael Frolik - Sabres : 1 - Red Wings : 1.
4:09 of 3rd period - Darren Reid wins face-off versus Tim Connolly in neutral zone.
4:16 of 3rd period - Wrist shot by Vincent Lecavalier.
4:16 of 3rd period - Stopped by James Reimer without a rebound.
4:17 of 3rd period - Tim Connolly wins face-off versus Vincent Lecavalier in Red Wings zone.
4:26 of 3rd period - Wrist shot by Tim Connolly.
4:26 of 3rd period - Shot Misses the Net.
4:28 of 3rd period - Wrist shot by Tim Connolly.
4:28 of 3rd period - Stopped by Robin Lehner with a rebound.
4:30 of 3rd period - Snap shot by Tyler Toffoli.
4:30 of 3rd period - Stopped by Robin Lehner without a rebound.
4:31 of 3rd period - Tyler Seguin wins face-off versus Andrei Loktionov in Sabres zone.
4:40 of 3rd period - Wrist shot by Sean Bergenheim.
4:40 of 3rd period - Stopped by Robin Lehner with a rebound.
4:42 of 3rd period - Snap shot by Philip Samuelsson.
4:42 of 3rd period - Stopped by Robin Lehner without a rebound.
4:43 of 3rd period - Vincent Lecavalier wins face-off versus Tim Connolly in Sabres zone.
5:29 of 3rd period - Snap shot by Michael Frolik.
5:29 of 3rd period - Stopped by James Reimer with a rebound.
5:35 of 3rd period - Zach Bogosian is hit by Ole-Kristian Tollefsen and loses puck.
5:52 of 3rd period - Tyler Toffoli is hit by Rob Scuderi and loses puck.
6:09 of 3rd period - Jakub Kindl is hit by Carson Mcmillan and loses puck.
6:14 of 3rd period - Wrist shot by Oleg Saprykin.
6:14 of 3rd period - Shot Misses the Net.
6:16 of 3rd period - Slapshot by Ryan O'Byrne.
6:16 of 3rd period - Shot Misses the Net.
6:18 of 3rd period - Snap shot by Ryan O'Byrne.
6:18 of 3rd period - Goal by Ryan O'Byrne - Sabres : 1 - Red Wings : 2.
6:19 of 3rd period - Andrei Loktionov wins face-off versus Tim Connolly in neutral zone.
6:47 of 3rd period - Off-side.
6:48 of 3rd period - Vincent Lecavalier wins face-off versus Chris Kelly in neutral zone.
7:13 of 3rd period - Slapshot by Alex Picard.
7:13 of 3rd period - Shot Misses the Net.
7:21 of 3rd period - Backhand shot by Chris Kelly.
7:21 of 3rd period - Shot Misses the Net.
7:23 of 3rd period - Snap shot by Alex Picard.
7:23 of 3rd period - Shot Misses the Net.
7:25 of 3rd period - Slapshot by Ole-Kristian Tollefsen.
7:25 of 3rd period - Stopped by Robin Lehner with a rebound.
7:49 of 3rd period - Slapshot by Chris Kelly.
7:49 of 3rd period - Stopped by Robin Lehner without a rebound.
7:50 of 3rd period - Andrei Loktionov wins face-off versus Tim Connolly in Sabres zone.
8:07 of 3rd period - Wrist shot by Zack Kassian.
8:07 of 3rd period - Shot Misses the Net.
8:20 of 3rd period - Wrist shot by Zack Kassian.
8:20 of 3rd period - Stopped by James Reimer without a rebound.
8:21 of 3rd period - Sean Monahan wins face-off versus Tyler Seguin in Red Wings zone.
8:22 of 3rd period - Snap shot by Matt Martin.
8:22 of 3rd period - Stopped by James Reimer with a rebound.
8:36 of 3rd period - Snap shot by Sean Bergenheim.
8:36 of 3rd period - Stopped by Robin Lehner with a rebound.
9:32 of 3rd period - Slapshot by Vincent Lecavalier.
9:32 of 3rd period - Stopped by James Reimer without a rebound.
9:33 of 3rd period - Chris Kelly wins face-off versus Vincent Lecavalier in Red Wings zone.
9:58 of 3rd period - Snap shot by Michael Frolik.
9:58 of 3rd period - Stopped by James Reimer with a rebound.
10:04 of 3rd period - Snap shot by Michael Frolik.
10:04 of 3rd period - Shot Misses the Net.
10:13 of 3rd period - Off-side.
10:14 of 3rd period - Tyler Seguin wins face-off versus Andrei Loktionov in neutral zone.
10:17 of 3rd period - Slapshot by Lubomir Visnovsky.
10:17 of 3rd period - Shot Misses the Net.
10:33 of 3rd period - Ilya Kovalchuk is hit by Sean Bergenheim and loses puck.
10:52 of 3rd period - Snap shot by Ilya Kovalchuk.
10:52 of 3rd period - Stopped by James Reimer with a rebound.
11:17 of 3rd period - Minor Penalty to Sean Bergenheim for Hooking.
11:18 of 3rd period - Chris Kelly wins face-off versus Andrei Loktionov in Red Wings zone.
11:32 of 3rd period - Mathew Dumba is hit by Carson Mcmillan and loses puck.
13:17 of 3rd period - Penalty to Sean Bergenheim is over, Sean Bergenheim is back on ice.
14:27 of 3rd period - Carson Mcmillan is hit by Zach Bogosian and loses puck.
14:42 of 3rd period - Tim Connolly is hit by Zack Kassian and loses puck.
15:01 of 3rd period - Mathew Dumba is hit by Tyler Seguin and loses puck.
17:52 of 3rd period - Tyler Seguin is hit by Matt Martin and loses puck.
18:07 of 3rd period - Michael Haley is hit by Brad Richardson and loses puck.
18:51 of 3rd period - Sabres, Robin Lehner is pulled from the net.
19:13 of 3rd period - Chris Kelly is hit by Andrei Loktionov and loses puck.
19:28 of 3rd period - Snap shot by Evander Kane.
19:28 of 3rd period - Stopped by James Reimer without a rebound.
19:29 of 3rd period - Jacques Martin call a timeout for Sabres.
19:29 of 3rd period - Andrei Loktionov wins face-off versus Carson Mcmillan in Red Wings zone.
19:32 of 3rd period - Wrist shot by Evander Kane.
19:32 of 3rd period - Stopped by James Reimer with a rebound.
19:34 of 3rd period - Snap shot by Zack Kassian.
19:34 of 3rd period - Shot Blocked by Lubomir Visnovsky.
19:36 of 3rd period - Wrist shot by Zach Bogosian.
19:36 of 3rd period - Goal by Zach Bogosian - Sabres : 2 - Red Wings : 2.
19:36 of 3rd period - Robin Lehner from Sabres was sent back in the game.
19:37 of 3rd period - Sean Monahan wins face-off versus Chris Kelly in neutral zone.
19:55 of 3rd period - Matt Martin is hit by Alex Picard and loses puck.
Goals for this period are 2 for Sabres vs 1 for Red Wings.
Shots for this period are 13 for Sabres vs 10 for Red Wings.
Overtime #1
0:01 of 1st overtime period - Vincent Lecavalier wins face-off versus Tim Connolly in neutral zone.
0:12 of 1st overtime period - Snap shot by Darren Reid.
0:12 of 1st overtime period - Goal by Darren Reid - Sabres : 3 - Red Wings : 2.
Goals for this period are 1 for Sabres vs 0 for Red Wings.
Shots for this period are 1 for Sabres vs 0 for Red Wings.
Back to the Top